 Dungeon Crawl Stone Soup version 0.30.0-15-g856e2d3f33 (webtiles) character file.

Game seed: 8993883020548449725

908 bmack86 the Trooper (level 8, -5/58 HPs)
             Began as a Djinni Gladiator on May 20, 2023.
             Killed by divine providence
             ... invoked by an orc priest
              (13 damage)
             ... on level 5 of the Dungeon.
             The game lasted 00:20:16 (4294 turns).

bmack86 the Trooper (Djinni Gladiator)              Turns: 4294, Time: 00:20:16

Health: -5/58      AC: 11    Str: 15    XL:     8   Next: 29%
Gold:   199        EV: 13    Int: 10    God:
                   SH:  0    Dex: 17

rFire   + + .        C - +1 long sword (holy)
rCold   x . .        (no shield)
rNeg    + . .        A - +5 leather armour of the Game of Kings {Dex+2}
rPois   ∞            c - +0 helmet
rElec   .            (no cloak)
rCorr   .            h - +1 pair of gloves
SInv    .            (boots unavailable)
Will    .....        (no amulet)
Stlth   +            v - ring of positive energy
HPRegen 0.29/turn    (no ring)
MPRegen 0.00/turn

%: infuse magic (-6 HP)
@: flying
A: sickness immunity, fire resistance 2, cold vulnerability 1, float, innate
caster, HP casting, extra vitality 1
a: no special abilities


You were on level 5 of the Dungeon.
You visited 1 branch of the dungeon, and saw 5 of its levels.

You collected 199 gold pieces.

Inventory:

Hand Weapons
 m - a +0 short sword of draining
 z - a +0 falchion
 C - a +1 long sword of holy wrath (weapon)
Missiles
 d - 3 throwing nets
 e - 4 javelins
 n - 4 boomerangs (quivered)
 w - 19 poisoned darts
Armour
 c - a +0 helmet (worn)
 h - a +1 pair of gloves (worn)
 A - the +5 leather armour of the Game of Kings (worn) {Dex+2}
   (You found it on level 3 of the Dungeon)

   Dex:       It affects your dexterity (+2).
Magical Staves
 r - a staff of air
Jewellery
 o - a +6 ring of dexterity
 v - a ring of positive energy (left hand)
Wands
 b - a wand of acid (7)
Scrolls
 a - a scroll of teleportation
 l - a scroll of torment
 p - a scroll of immolation
 q - a scroll of fear
 s - 3 scrolls of noise
Potions
 g - a potion of lignification
 i - 3 potions of curing
 k - a potion of mutation
 u - a potion of might
 x - a potion of cancellation {unknown}
 B - a potion of flight {unknown}


   Skills:
 + Level 4.6 Fighting
 - Level 3.4(3.9) Short Blades
 + Level 2.8(3.6) Long Blades
 - Level 1.5 Throwing
 - Level 3.2 Dodging
 * Level 4.1 Spellcasting
 + Level 3.1 Evocations


You knew the following spells:

 Your Spells              Type           Power      Damage    Failure   Level
a - Shock                 Conj/Air       40%        1d5       6%          1
b - Call Imp              Summ           20%        N/A       9%          2
c - Dazzling Flash        Conj/Hex       20%        N/A       17%         3
Your spell library was empty.

Dungeon Overview and Level Annotations

Branches:
Dungeon (5/15)
 Temple: D:4-7

Altars:

Shops:
D:4 !

Annotations:
D:5 2 runed translucent doors


Innate Abilities, Weirdness & Mutations

You are immune to sickness and miasma.
You are immune to poison.
Your flesh is very heat resistant. (rF++)
You are vulnerable to cold. (rC-)
You float through the air rather than walking.
You learn spells naturally, not from books.
Your magical power is your life essence.
You have superior vitality. (+4 MHP)


Message History

You barely miss the orc priest.
The orc priest is moderately wounded.
The orc priest closely misses you.
The orc priest calls down the wrath of Beogh upon you.
Pain shoots through your body!
Unknown command.
You hit the orc priest but do no damage.
The orc priest is moderately wounded.
The orc priest misses you.
The orc priest hits you but does no damage.
You hit the orc priest but do no damage.
The orc priest is moderately wounded.
The orc priest hits you with a +0 trident. x2
* * * LOW HITPOINT WARNING * * *
The orc priest hits you but does no damage.
The orc priest closely misses you.
You barely miss the orc priest.
The orc priest is moderately wounded.
The orc priest completely misses you.
The orc priest hits you with a +0 trident!
* * * LOW HITPOINT WARNING * * *
You hit the orc priest but do no damage.
The orc priest is moderately wounded.
The orc priest misses you.
The orc priest looks encouraged for a moment.
Unknown command.
You slash the orc priest!
The orc priest is almost dead.
The orc priest closely misses you. The orc priest barely misses you.
You barely miss the orc priest.
The orc priest is almost dead.
The orc priest barely misses you.
The orc priest hits you but does no damage.
The orc priest mumbles some strange prayers to Beogh against you.
You struggle to resist.
The orc priest barely misses you.
You hit the orc priest.
The orc priest is almost dead.
The orc priest invokes the aid of Beogh against you.
Beogh smites you!
You die...

..# #.# #..
#.# #.# #.#
#.# #.# #.# #
#.# # #.#
#.#o# # #.#
#.#@###.# #
##.###.o(....#
#
#....###.#####
# ##.##.###.#
# #..##.....#
# #.#########
# ##.#
#######..#
........##


You could see 2 orc priests.

Vanquished Creatures
  An ice beast (D:5)
  2 phantoms (D:4)
  4 scorpions (D:4)
  A howler monkey (D:4)
  A jelly (D:5)
  A hound (D:4)
  2 orc priests (D:5)
  An iguana (D:5)
  2 sleepcaps (D:5)
  Terence (D:2)
  6 adders
  3 gnolls (D:4)
  A shadow imp (D:5)
  A worm (D:4)
  3 dart slugs
  7 orcs
  6 endoplasms
  A giant cockroach (D:4)
  5 goblins
  6 hobgoblins
  3 jackals (D:3)
  9 kobolds
  3 quokkas
  7 ball pythons
  3 bats
  2 frilled lizards (D:2)
  3 rats
85 creatures vanquished.

Notes
Turn   | Place    | Note
-------+----------+-------------------------------------------
     0 | D:1      | bmack86 the Djinni Gladiator began the quest for the Orb.
     0 | D:1      | Reached XP level 1. HP: 18/18 MP: 0/0
   242 | D:1      | Reached XP level 2. HP: 18/23 MP: 0/0
   929 | D:2      | Noticed Terence
   935 | D:2      | Reached XP level 3. HP: 29/29 MP: 0/0
   935 | D:2      | Learned a level 1 spell: Shock
   946 | D:2      | Killed Terence
   947 | D:2      | Reached skill level 1 in Spellcasting
  1111 | D:2      | Reached XP level 4. HP: 32/34 MP: 0/0
  1841 | D:3      | Found a faded altar of an unknown god.
  2196 | D:3      | Identified the +5 leather armour of the Game of Kings
                  | {Dex+2}
  2256 | D:3      | Reached XP level 5. HP: 40/40 MP: 0/0
  2256 | D:3      | Learned a level 2 spell: Call Imp
  2522 | D:4      | Noticed a phantom
  2540 | D:4      | Killed a phantom
  2541 | D:4      | Reached skill level 1 in Long Blades
  2541 | D:4      | Reached skill level 1 in Evocations
  2541 | D:4      | Reached XP level 6. HP: 44/46 MP: 0/0
  2799 | D:4      | Found Plog's Distillery.
  2906 | D:4      | Reached XP level 7. HP: 28/51 MP: 0/0
  2906 | D:4      | Learned a level 3 spell: Dazzling Flash
  3476 | D:5      | Entered Level 5 of the Dungeon
  3762 | D:5      | Found a runed translucent door.
  3764 | D:5      | Found a runed translucent door.
  3787 | D:5      | Reached XP level 8. HP: 50/58 MP: 0/0
  4294 | D:5      | Killed from afar by an orc priest

Illustrated notes

Levels and vault maps discovered:
D:1:      eino_arrival_druids_welcome, layout_basic, serial_forest,
          infiniplex_forest_clump_tiny, infiniplex_forest_lined_room_3,
          infiniplex_forest_clump_large, infiniplex_forest_straight_4,
          infiniplex_forest_straight_3, infiniplex_forest_fountain,
          infiniplex_forest_fountain, nrook_uturn, minivault_27
D:2:      layout_basic, minmay_tromino_i2, uniq_terence
D:3:      layout_rooms, shapermc_ecumenical_altar_notcrosses
D:4:      layout_loops_ring, serial_shops, nicolae_shop_just_a_little_nook,
          minmay_cupped
D:5:      lemuel_insect_pit, layout_basic, serial_corexii_hall,
          chequers_hall_statues_corner_a, corexii_hall_statues_t

Skill      XL: |  1  2  3  4  5  6  7  8 |
---------------+-------------------------+-----
Short Blades   | 3 |  3.4
Spellcasting   | 1 2 3 4 |  4.1
Fighting       | 3 4 |  4.6
Long Blades    | 1 2 |  2.8
Evocations     | 1 2 3 |  3.1
Throwing       | |  1.5
Dodging        | |  3.2

Action                     |  1- 3 |  4- 6 |  7- 9 || total
---------------------------+-------+-------+-------++-------
  Melee: Rapier            |    47 |       |       ||    47
         Short sword       |    45 |    65 |       ||   110
         Staff             |       |    12 |       ||    12
         Falchion          |       |   116 |    22 ||   138
         Punch             |       |     2 |     2 ||     4
         Long sword        |       |       |   122 ||   122
  Throw: Boomerang         |       |     2 |     5 ||     7
   Cast: Shock             |       |     1 |       ||     1
  Evoke: Wand              |       |       |     4 ||     4
    Use: Scroll            |     4 |     5 |     4 ||    13
         Potion            |       |     1 |     2 ||     3
   Stab: Sleeping          |       |     1 |     1 ||     2
         Distracted        |       |       |     1 ||     1
 Armour: Leather armour    |    20 |    91 |    59 ||   170
         Scale mail        |     8 |       |       ||     8
  Dodge: Dodged            |    39 |   129 |   107 ||   275
